[Event "ICC tourney 2248 (120 10)"]
[Site "Internet Chess Club"]
[Date "2020.12.29"]
[Round "7"]
[White "CharlesDQuigley"]
[Black "AbleCompany"]
[Result "1-0"]
[ICCResult "Black resigns"]
[WhiteElo "1815"]
[BlackElo "1568"]
[Opening "King's Indian: Sämisch, 5...O-O"]
[ECO "E81"]
[NIC "KI.52"]
[Time "12:05:53"]
[PlyCount "63"]
[TimeControl "7200+10"]

1. d4 Nf6 2. c4 g6 3. f3 Bg7 4. e4 d6 5. Nc3 O-O 6. Nge2 c5 7. Be3 Nc6 8.
d5 Ne5 9. Ng3 e6 10. Be2 exd5 11. cxd5 a6 12. a4 h5 13. Bg5 Qc7 14. Qd2 Nh7
15. Bh4 c4 16. Nf1 f5 17. Ne3 fxe4 18. Nxe4 Nd3+ 19. Bxd3 cxd3 20. O-O Bf5
21. Nxf5 Rxf5 22. Qxd3 Qb6+ 23. Bf2 Qxb2 24. Nxd6 Rf4 25. Rab1 Qf6 26. Nxb7
Ng5 27. d6 h4 28. d7 Ne6 29. Rfe1 h3 30. Rxe6 Qxe6 31. d8=Q+ Rxd8 32. Nxd8
{ Black resigns } 1-0

[Event "ICC tourney 2248 (120 10)"]
[Site "Internet Chess Club"]
[Date "2020.12.29"]
[Round "7"]
[White "sanjeevraman"]
[Black "messyblaster"]
[Result "1/2-1/2"]
[ICCResult "Game drawn by repetition"]
[WhiteElo "1651"]
[BlackElo "1563"]
[Opening "Scandinavian: Pytel-Wade variation"]
[ECO "B01"]
[NIC "SD.02"]
[Time "12:05:55"]
[PlyCount "80"]
[TimeControl "7200+10"]

1. e4 d5 2. exd5 Qxd5 3. Nc3 Qd6 4. Bc4 Nf6 5. h3 Be6 6. Bb3 Qa6 7. Bxe6
Qxe6+ 8. Nge2 Nc6 9. d3 g6 10. Be3 Bg7 11. O-O O-O 12. Re1 Nd5 13. Nxd5
Qxd5 14. c3 e5 15. Qd2 Rad8 16. Red1 Rd7 17. c4 Qe6 18. Qc2 Rfd8 19. Rd2 f5
20. f4 Bh6 21. Rf1 exf4 22. Bxf4 Bxf4 23. Nxf4 Qe3+ 24. Rff2 Nb4 25. Qb3 c5
26. a3 Qe1+ 27. Kh2 Nxd3 28. Nxd3 Rxd3 29. Rxd3 Rxd3 30. Qxd3 Qxf2 31. Qd5+
Kf8 32. Qxb7 Qf4+ 33. Kg1 Qc1+ 34. Kf2 Qd2+ 35. Kf3 Qd3+ 36. Kf2 Qd2+ 37.
Kg1 Qc1+ 38. Kh2 Qf4+ 39. Kg1 Qc1+ 40. Kf2 Qd2+ { Game drawn by repetition
} 1/2-1/2

[Event "ICC tourney 2248 (120 10)"]
[Site "Internet Chess Club"]
[Date "2020.12.29"]
[Round "7"]
[White "cruiseship"]
[Black "dswang"]
[Result "0-1"]
[ICCResult "White resigns"]
[WhiteElo "1716"]
[BlackElo "1828"]
[Opening "Ruy Lopez: closed, Averbach variation"]
[ECO "C79"]
[NIC "RL.16"]
[Time "12:06:20"]
[PlyCount "106"]
[TimeControl "7200+10"]

1. e4 e5 2. Nf3 Nc6 3. Bb5 a6 4. Ba4 Nf6 5. O-O d6 6. Re1 Be7 7. c3 O-O 8.
Bc2 Bg4 9. d3 Re8 10. h3 Bh5 11. Nbd2 Bf8 12. Nf1 d5 13. Ng3 Bg6 14. Nh4 d4
15. f4 exf4 16. Nxg6 hxg6 17. Bxf4 Bd6 18. Qf3 Be5 19. Ne2 Qd6 20. g4 Qc5
21. c4 Bxf4 22. Qxf4 Qe5 23. Ba4 b5 24. cxb5 axb5 25. Bb3 Qxf4 26. Nxf4 Ne5
27. Red1 g5 28. Ne2 c5 29. a4 bxa4 30. Bxa4 Reb8 31. b3 Ra5 32. Kg2 Nfd7
33. Bxd7 Rxa1 34. Rxa1 Nxd7 35. Ra7 Ne5 36. Nc1 Kf8 37. Kf2 Ke8 38. Ke2 Kd8
39. Ra5 Nd7 40. Kd2 Kc7 41. Ra7+ Kd6 42. Kc2 Rh8 43. Ne2 Rxh3 44. Ra1 Rh2
45. Kd2 Ne5 46. Rf1 f6 47. b4 cxb4 48. Rb1 Nf3+ 49. Kd1 Rh1+ 50. Kc2 Rxb1
51. Kxb1 Kc5 52. Kb2 Ne5 53. Kb3 Nxd3 { White resigns } 0-1

[Event "ICC tourney 2248 (120 10)"]
[Site "Internet Chess Club"]
[Date "2020.12.29"]
[Round "7"]
[White "gmcarebear999"]
[Black "Mapking1"]
[Result "1-0"]
[ICCResult "Black checkmated"]
[WhiteElo "1752"]
[BlackElo "1874"]
[Opening "Grünfeld: exchange, classical variation"]
[ECO "D86"]
[NIC "GI.05"]
[Time "12:06:05"]
[PlyCount "87"]
[TimeControl "7200+10"]

1. d4 Nf6 2. c4 g6 3. Nc3 d5 4. cxd5 Nxd5 5. e4 Nxc3 6. bxc3 Bg7 7. Bc4 O-O
8. Nf3 c5 9. O-O Nc6 10. Be3 Na5 11. Be2 Qc7 12. Qc1 Rd8 13. Rd1 Bg4 14.
Rb1 Bxf3 15. Bxf3 Rac8 16. d5 Nc4 17. Bg5 Be5 18. Be2 Nb6 19. f4 Bf6 20.
Bxf6 exf6 21. c4 Re8 22. Bf3 Rcd8 23. g3 Rd6 24. Qc2 Nd7 25. Rd3 Ra6 26. a3
Rb6 27. Rxb6 Nxb6 28. Qc3 Kg7 29. h3 g5 30. d6 Qd7 31. Bg4 Qc6 32. fxg5
Qxe4 33. Qxf6+ Kg8 34. d7 Qe1+ 35. Kh2 Re2+ 36. Bxe2 Qxe2+ 37. Kg1 Nxd7 38.
Rxd7 Qe1+ 39. Qf1 Qxg3+ 40. Kh1 f5 41. Rd8+ Kg7 42. Qa1+ Kg6 43. Qf6+ Kh5
44. Qh6# { Black checkmated } 1-0

[Event "ICC tourney 2248 (120 10)"]
[Site "Internet Chess Club"]
[Date "2020.12.29"]
[Round "7"]
[White "Draconian"]
[Black "rcww2020"]
[Result "1-0"]
[ICCResult "Black resigns"]
[WhiteElo "1570"]
[BlackElo "1640"]
[Opening "Sicilian: Taimanov variation"]
[ECO "B49"]
[NIC "SI.40"]
[Time "12:06:22"]
[PlyCount "127"]
[TimeControl "7200+10"]

1. e4 c5 2. Nf3 e6 3. Nc3 Nc6 4. d4 cxd4 5. Nxd4 Qc7 6. Be3 a6 7. Be2 Nf6
8. O-O Bb4 9. Nxc6 bxc6 10. Qd4 Be7 11. e5 Nd5 12. Nxd5 cxd5 13. c4 dxc4
14. Rac1 Qa5 15. Bxc4 O-O 16. Qe4 Rb8 17. Bh6 f5 18. exf6 Rxf6 19. Bf4 Bb7
20. Qe5 Qxe5 21. Bxe5 Rg6 22. Bg3 Rc8 23. Bd3 Rf6 24. Rxc8+ Bxc8 25. Rc1
Rf8 26. Rc7 h5 27. Be5 Kf7 28. f4 a5 29. Kf1 Rd8 30. Ra7 d6 31. Bxg7 Rd7
32. Rxd7 Bxd7 33. Bc3 a4 34. a3 Bf6 35. Ke2 e5 36. fxe5 dxe5 37. Be4 Bb5+
38. Ke3 Bc4 39. Bc6 Bb3 40. g3 Ke6 41. h4 Kf5 42. Bf3 Kg6 43. Ke4 Bc2+ 44.
Kd5 e4 45. Bxe4+ Bxe4+ 46. Kxe4 Bd8 47. Be5 Bb6 48. Kd5 Kf5 49. Kc6 Bf2 50.
Bf4 Bd4 51. Kb5 Bxb2 52. Kxa4 Ke6 53. Kb4 Kd5 54. a4 Kc6 55. a5 Bd4 56. Kc4
Ba7 57. Be5 Bf2 58. a6 Bb6 59. Bb8 Bf2 60. a7 Kb7 61. Kd5 Be1 62. Ke4 Bf2
63. Kf5 Be1 64. Kg5 { Black resigns } 1-0

[Event "ICC tourney 2248 (120 10)"]
[Site "Internet Chess Club"]
[Date "2020.12.29"]
[Round "7"]
[White "Abror"]
[Black "UltimateDL"]
[Result "1/2-1/2"]
[ICCResult "Game drawn by mutual agreement"]
[WhiteElo "1635"]
[BlackElo "1480"]
[Opening "Sicilian: accelerated fianchetto, modern variation with Bc4"]
[ECO "B35"]
[NIC "SI.33"]
[Time "12:06:21"]
[PlyCount "68"]
[TimeControl "7200+10"]

1. e4 c5 2. Nf3 Nc6 3. d4 cxd4 4. Nxd4 g6 5. Nc3 Bg7 6. Be3 Nf6 7. Bc4 O-O
8. Bb3 Qc7 9. f3 d6 10. Qd2 Nxd4 11. Bxd4 Bd7 12. h4 e6 13. h5 b5 14. Qg5
h6 15. Qd2 g5 16. g4 Bc6 17. a3 a5 18. O-O Rfd8 19. Qe3 Ra6 20. Nd1 d5 21.
e5 Nd7 22. Re1 a4 23. Ba2 Nb6 24. Nf2 Nc4 25. Bxc4 bxc4 26. f4 gxf4 27.
Qxf4 f6 28. Nh3 Rf8 29. exf6 Qxf4 30. Nxf4 Bxf6 31. Nxe6 Bd7 32. Bxf6 Rxe6
33. Rxe6 Bxe6 34. g5 hxg5 { Game drawn by mutual agreement } 1/2-1/2

[Event "ICC tourney 2248 (120 10)"]
[Site "Internet Chess Club"]
[Date "2020.12.29"]
[Round "7"]
[White "ybabji"]
[Black "charles102"]
[Result "0-1"]
[ICCResult "White checkmated"]
[WhiteElo "1854"]
[BlackElo "1800"]
[Opening "Sicilian: Alapin's variation (2.c3)"]
[ECO "B22"]
[NIC "SI.46"]
[Time "12:06:20"]
[PlyCount "136"]
[TimeControl "7200+10"]

1. e4 c5 2. c3 Nf6 3. e5 Nd5 4. d4 d6 5. dxc5 dxc5 6. c4 Nb4 7. Qxd8+ Kxd8
8. Na3 N8c6 9. Be3 e6 10. Rd1+ Bd7 11. f4 a6 12. Nf3 Kc7 13. Be2 Nxa2 14.
Ng5 Be8 15. Nc2 Nab4 16. Nxb4 Nxb4 17. Rd2 b6 18. Kf2 Be7 19. Rhd1 Rd8 20.
Rxd8 Bxd8 21. Ne4 Bc6 22. Bf3 Nc2 23. Nd6 Bxf3 24. Kxf3 Nxe3 25. Kxe3 Rf8
26. g4 Be7 27. Ne4 Rd8 28. Rxd8 Kxd8 29. b3 Kd7 30. Kd3 f6 31. Ng3 fxe5 32.
fxe5 Bd8 33. Ke4 b5 34. cxb5 axb5 35. Kd3 Bc7 36. Ke4 g6 37. Kf4 Kc6 38.
Ne4 g5+ 39. Nxg5 Kd5 40. Nf3 c4 41. bxc4+ bxc4 42. h4 c3 43. Ne1 Bxe5+ 44.
Kf3 Kc4 45. h5 h6 46. Ke4 Bf6 47. Nc2 Kb3 48. Kd3 Kb2 49. Nb4 e5 50. Ke2 c2
51. Nxc2 Kxc2 52. Ke3 Kc3 53. Ke4 Kc4 54. Ke3 Kd5 55. Kd3 Bg5 56. Ke2 Ke4
57. Kf2 Kd3 58. Ke1 e4 59. Kf2 Kd2 60. Kg2 e3 61. Kf3 e2 62. Kg2 e1=Q 63.
Kf3 Qe3+ 64. Kg2 Qf4 65. Kg1 Ke2 66. Kh1 Qxg4 67. Kh2 Kf2 68. Kh1 Qg2# {
White checkmated } 0-1

[Event "ICC tourney 2248 (120 10)"]
[Site "Internet Chess Club"]
[Date "2020.12.29"]
[Round "7"]
[White "rachael1120"]
[Black "che2468"]
[Result "1-0"]
[ICCResult "Black checkmated"]
[WhiteElo "1678"]
[BlackElo "1464"]
[Opening "Sicilian: Sozin, not Scheveningen"]
[ECO "B57"]
[NIC "SI.25"]
[Time "12:06:09"]
[PlyCount "47"]
[TimeControl "7200+10"]

1. e4 c5 2. Nf3 d6 3. d4 cxd4 4. Nxd4 Nf6 5. Nc3 Nc6 6. Bc4 a6 7. Bb3 e6 8.
Be3 Be7 9. O-O O-O 10. f4 Nxd4 11. Bxd4 Qa5 12. Qf3 g6 13. Qf2 Qh5 14. h3
Bd8 15. Rad1 Ne8 16. Qe3 Qa5 17. e5 dxe5 18. fxe5 Ng7 19. Bc5 Re8 20. Qf2
Qc7 21. Ne4 Qxe5 22. Qxf7+ Kh8 23. Qf8+ Rxf8 24. Rxf8# { Black checkmated }
1-0

[Event "ICC tourney 2248 (120 10)"]
[Site "Internet Chess Club"]
[Date "2020.12.29"]
[Round "7"]
[White "Mozart1"]
[Black "Supersamraat"]
[Result "1-0"]
[ICCResult "Black checkmated"]
[WhiteElo "1836"]
[BlackElo "1539"]
[Opening "French: classical, Steinitz variation"]
[ECO "C14"]
[NIC "FR.06"]
[Time "12:07:23"]
[PlyCount "97"]
[TimeControl "7200+10"]

1. e4 e6 2. d4 d5 3. Nc3 Nf6 4. Bg5 Be7 5. e5 Nfd7 6. Bxe7 Qxe7 7. f4 a6 8.
Nf3 c5 9. dxc5 Qxc5 10. Qd2 Nc6 11. Bd3 b5 12. a3 Nb6 13. b4 Qe7 14. O-O
Qa7 15. Kh1 Bd7 16. f5 exf5 17. Qg5 g6 18. Bxb5 Ne7 19. Bxd7+ Nxd7 20. Rfe1
Qb6 21. Qxe7+ Kxe7 22. Nxd5+ Ke6 23. c4 h6 24. Nxb6 Nxb6 25. Nd4+ Kd7 26.
c5 Nc4 27. a4 Rhe8 28. c6+ Kc7 29. e6 fxe6 30. Nxe6+ Kxc6 31. Rac1 Kd5 32.
Nc7+ Kd4 33. Rxe8 Ra7 34. Rd8+ Ke3 35. Rxc4 a5 36. Rc3+ Ke4 37. b5 Rb7 38.
Na6 Re7 39. h3 g5 40. b6 g4 41. hxg4 fxg4 42. Rd1 Kf4 43. Rf1+ Kg5 44. Nc7
Re4 45. b7 g3 46. Rxg3+ Kh4 47. b8=Q h5 48. Rh3+ Kg4 49. Qg8# { Black
checkmated } 1-0

[Event "ICC tourney 2248 (120 10)"]
[Site "Internet Chess Club"]
[Date "2020.12.29"]
[Round "7"]
[White "hello12"]
[Black "cdj12417489"]
[Result "1-0"]
[ICCResult "Black forfeits on time"]
[WhiteElo "1475"]
[BlackElo "1268"]
[Opening "Sicilian: closed"]
[ECO "B23"]
[NIC "SI.44"]
[Time "12:06:00"]
[PlyCount "79"]
[TimeControl "7200+10"]

1. e4 c5 2. Nc3 d6 3. f4 Nc6 4. Bb5 g6 5. Nf3 Bg7 6. Bxc6+ bxc6 7. O-O e6
8. d3 Ne7 9. Qe1 Qc7 10. Be3 Rb8 11. Rb1 Qa5 12. Bd2 Qc7 13. a3 Ba6 14. Kh1
h6 15. Qh4 h5 16. Rg1 Qd8 17. Qf2 Rb7 18. e5 Nf5 19. Ne4 Qe7 20. exd6 Nxd6
21. Nxc5 Rb6 22. Ba5 Rb5 23. Bb4 Bc8 24. c4 Rb8 25. Ne5 Bxe5 26. fxe5 Nf5
27. Na6 Rxb4 28. Nxb4 Qc7 29. d4 c5 30. dxc5 Qxe5 31. Rgd1 h4 32. Nc6 Qf6
33. Rd8+ Qxd8 34. Nxd8 Kxd8 35. Kg1 Bb7 36. Rd1+ Ke7 37. Qd2 Bc6 38. b4 h3
39. g3 f6 40. b5 { Black forfeits on time } 1-0

[Event "ICC tourney 2248 (120 10)"]
[Site "Internet Chess Club"]
[Date "2020.12.29"]
[Round "7"]
[White "jHanna"]
[Black "peekaboopenguin"]
[Result "1-0"]
[ICCResult "Black checkmated"]
[WhiteElo "1787"]
[BlackElo "1636"]
[Opening "QGD: exchange, positional line"]
[ECO "D35"]
[NIC "QO.16"]
[Time "12:05:52"]
[PlyCount "83"]
[TimeControl "7200+10"]

1. d4 d5 2. c4 e6 3. Nc3 Nf6 4. cxd5 exd5 5. Bg5 Be7 6. e3 O-O 7. Bd3 b6 8.
Qc2 h6 9. Bf4 Be6 10. h3 c5 11. Nge2 Nc6 12. a3 c4 13. Bf5 Bxf5 14. Qxf5 g6
15. Qc2 Kg7 16. O-O Bd6 17. Qa4 Ne7 18. Rad1 Bxf4 19. Nxf4 a6 20. f3 Qd6
21. Qb4 Qxb4 22. axb4 Rfd8 23. e4 dxe4 24. fxe4 Nc6 25. Nfd5 Nxd5 26. Nxd5
Rab8 27. Rf6 Nxb4 28. Rdf1 Nxd5 29. Rxf7+ Kg8 30. exd5 Rf8 31. Rc7 Rfc8 32.
Rc6 Rxc6 33. dxc6 Kg7 34. d5 Rc8 35. Rd1 Kf7 36. d6 Ke6 37. d7 Rd8 38. c7
Rxd7 39. c8=Q Ke7 40. Qxd7+ Kf8 41. Qc7 Ke8 42. Rd8# { Black checkmated }
1-0

[Event "ICC tourney 2248 (120 10)"]
[Site "Internet Chess Club"]
[Date "2020.12.29"]
[Round "7"]
[White "gullom89"]
[Black "che8642"]
[Result "1-0"]
[ICCResult "Black checkmated"]
[WhiteElo "1707"]
[BlackElo "1532"]
[Opening "Queen's pawn, Mason variation"]
[ECO "D00"]
[NIC "QP.08"]
[Time "12:06:40"]
[PlyCount "141"]
[TimeControl "7200+10"]

1. d4 d5 2. Bf4 Nf6 3. e3 e6 4. Nd2 c5 5. c3 Nc6 6. Ngf3 Bd6 7. Bg3 O-O 8.
Bd3 h6 9. Qe2 Qe7 10. Ne5 Qc7 11. f4 c4 12. Bc2 b5 13. e4 b4 14. Nxc6 Qxc6
15. e5 bxc3 16. bxc3 Ne8 17. exd6 Nxd6 18. O-O Nb5 19. Qe3 Na3 20. Rfc1 Rb8
21. Nb1 Nb5 22. Ba4 Qa6 23. Bc2 Rb6 24. a4 Nd6 25. Nd2 Bd7 26. Bh4 Rfb8 27.
g4 g6 28. Bf6 Ne8 29. Be5 R8b7 30. f5 exf5 31. Qxh6 f6 32. Qxg6+ Ng7 33.
Bg3 Rb2 34. Nf1 Qa5 35. Bxf5 Bxf5 36. gxf5 Qd8 37. Re1 Rc2 38. Re3 Re7 39.
Rae1 Rxe3 40. Rxe3 Rb2 41. Re6 Rb6 42. Bc7 Rxe6 43. Bxd8 Rd6 44. Bxf6 Rd7
45. Qxg7+ Rxg7+ 46. Bxg7 Kxg7 47. Kf2 Kf6 48. Ng3 Kg5 49. Kf3 a6 50. h4+
Kf6 51. Kf4 a5 52. Nh5+ Kf7 53. Ke5 Ke7 54. Nf4 Kf7 55. Nxd5 Kg7 56. h5 Kf7
57. h6 Kg8 58. Ke6 Kf8 59. h7 Kg7 60. f6+ Kxh7 61. f7 Kg7 62. Ke7 Kg6 63.
f8=Q Kg5 64. Qf4+ Kg6 65. Qf6+ Kh5 66. Qg7 Kh4 67. Kf6 Kh3 68. Kf5 Kh2 69.
Kf4 Kh1 70. Kf3 Kh2 71. Qg2# { Black checkmated } 1-0

[Event "ICC tourney 2248 (120 10)"]
[Site "Internet Chess Club"]
[Date "2020.12.29"]
[Round "7"]
[White "nboad"]
[Black "Nikhilp"]
[Result "1/2-1/2"]
[ICCResult "Game drawn by mutual agreement"]
[WhiteElo "1872"]
[BlackElo "1737"]
[Opening "Ruy Lopez: exchange variation"]
[ECO "C68"]
[NIC "RL.08"]
[Time "12:06:20"]
[PlyCount "100"]
[TimeControl "7200+10"]

1. e4 e5 2. Nf3 Nc6 3. Bb5 a6 4. Bxc6 dxc6 5. d4 exd4 6. Qxd4 Bg4 7. Nbd2
Nf6 8. Qxd8+ Rxd8 9. Ne5 Bc5 10. Nxg4 Nxg4 11. O-O O-O 12. Nb3 Bb6 13. Bf4
Rd7 14. h3 Nf6 15. e5 Nd5 16. Bd2 Ne7 17. c4 Ng6 18. Bc3 Nf4 19. Rae1 Rfd8
20. Kh2 Nd3 21. Re2 h6 22. f4 Nc5 23. Nxc5 Bxc5 24. e6 fxe6 25. Rxe6 Bd4
26. Rf3 Kf7 27. f5 Bxc3 28. Rxc3 Rd3 29. Rxd3 Rxd3 30. Re2 Kf6 31. g4 c5
32. b3 a5 33. h4 a4 34. Re6+ Kf7 35. Re5 axb3 36. axb3 b6 37. Re6 Rxb3 38.
Rc6 Rc3 39. Rxc7+ Kg8 40. g5 hxg5 41. hxg5 Rf3 42. g6 Rxf5 43. Rc8+ Rf8 44.
Rc6 Rb8 45. Kg3 Kf8 46. Rc7 b5 47. cxb5 Rxb5 48. Rf7+ Ke8 49. Rxg7 c4 50.
Rc7 Rg5+ { Game drawn by mutual agreement } 1/2-1/2

[Event "ICC tourney 2248 (120 10)"]
[Site "Internet Chess Club"]
[Date "2020.12.29"]
[Round "7"]
[White "Minsco"]
[Black "coolhappyfish"]
[Result "0-1"]
[ICCResult "White resigns"]
[WhiteElo "1750"]
[BlackElo "1680"]
[Opening "QGD: 4.Bg5 Be7"]
[ECO "D53"]
[NIC "QO.13"]
[Time "12:06:12"]
[PlyCount "74"]
[TimeControl "7200+10"]

1. d4 d5 2. c4 e6 3. Nc3 Nf6 4. Bg5 Be7 5. e3 Nbd7 6. Rc1 h6 7. Bh4 O-O 8.
cxd5 exd5 9. Bd3 c6 10. Nf3 Re8 11. O-O Ne4 12. Bxe7 Qxe7 13. a3 a5 14. Qc2
g5 15. b4 g4 16. Ne1 f5 17. b5 Ndf6 18. bxc6 bxc6 19. a4 Bd7 20. Ne2 Rab8
21. Nf4 Kg7 22. Be2 Nxf2 23. Rxf2 Qxe3 24. Qc3 Qxf2+ 25. Kxf2 Ne4+ 26. Kg1
Nxc3 27. Rxc3 Rb4 28. Ned3 Rxd4 29. Nh5+ Kg6 30. Ndf4+ Kg5 31. h4+ Kxh4 32.
Nf6 Kg5 33. Nxe8 Rxf4 34. Nd6 Rxa4 35. Nb7 Ra1+ 36. Kh2 f4 37. g3 Ra2 {
White resigns } 0-1

[Event "ICC tourney 2248 (120 10)"]
[Site "Internet Chess Club"]
[Date "2020.12.29"]
[Round "7"]
[White "kdbel"]
[Black "joeandjoe56"]
[Result "1-0"]
[ICCResult "Black resigns"]
[WhiteElo "1892"]
[BlackElo "1744"]
[Opening "Ruy Lopez: closed, Pilnik variation"]
[ECO "C77"]
[NIC "RL.12"]
[Time "12:06:09"]
[PlyCount "77"]
[TimeControl "7200+10"]

1. e4 e5 2. Nf3 Nc6 3. Bb5 a6 4. Ba4 Nf6 5. d3 b5 6. Bb3 Be7 7. c3 O-O 8.
O-O d6 9. Re1 Bb7 10. Bg5 h6 11. Bxf6 Bxf6 12. Bd5 Rb8 13. Nbd2 Ne7 14.
Bxb7 Rxb7 15. d4 exd4 16. cxd4 g6 17. Qc2 c6 18. Rad1 Rd7 19. e5 dxe5 20.
dxe5 Bg7 21. Ne4 Rxd1 22. Rxd1 Qc7 23. Nc5 Rd8 24. Re1 Rd5 25. Nd3 a5 26.
Nf4 Rd8 27. b3 Nd5 28. Nxd5 Rxd5 29. e6 fxe6 30. Rxe6 Qd7 31. Qxg6 Rd1+ 32.
Ne1 Kf8 33. Re3 Ra1 34. Rf3+ Kg8 35. Re3 Kf8 36. h3 Rxa2 37. Qh7 Ra1 38.
Rf3+ Ke8 39. Qg8+ { Black resigns } 1-0

[Event "ICC tourney 2248 (120 10)"]
[Site "Internet Chess Club"]
[Date "2020.12.29"]
[Round "7"]
[White "asergeev"]
[Black "haofangzhu"]
[Result "1-0"]
[ICCResult "Black resigns"]
[WhiteElo "1898"]
[BlackElo "1454"]
[Opening "Queen's pawn, Mason variation"]
[ECO "D00"]
[NIC "QP.08"]
[Time "12:06:22"]
[PlyCount "119"]
[TimeControl "7200+10"]

1. d4 d5 2. Bf4 e6 3. e3 Nf6 4. Nd2 Bd6 5. Ngf3 c6 6. Ne5 Qc7 7. g4 Nfd7 8.
Nxd7 Nxd7 9. Bxd6 Qxd6 10. f4 f6 11. Qe2 c5 12. O-O-O c4 13. e4 O-O 14.
exd5 exd5 15. f5 Nb6 16. Qf3 Re8 17. Nb1 Bd7 18. Nc3 Re7 19. Qg3 Qxg3 20.
hxg3 Re3 21. Bg2 Rxg3 22. Rdg1 Rxg4 23. Bxd5+ Nxd5 24. Rxg4 Nxc3 25. bxc3
Bxf5 26. Rf4 Be6 27. Re1 Bd5 28. Rf5 Rd8 29. Re7 Kf8 30. Rc7 Be6 31. Ra5
Bd5 32. Rcc5 Bf3 33. Rxa7 h5 34. Rf5 Bg4 35. Rb5 Rd7 36. Raxb7 Rxb7 37.
Rxb7 h4 38. Rb8+ Kf7 39. Kd2 h3 40. Ke3 Bh5 41. Kf2 g5 42. Kg3 g4 43. a4
Ke7 44. a5 Kd7 45. a6 Bg6 46. a7 Be4 47. a8=Q Bxa8 48. Rxa8 f5 49. Rf8 Ke6
50. d5+ Ke5 51. d6 h2 52. Kxh2 Kxd6 53. Rxf5 Ke6 54. Rg5 Kd6 55. Rxg4 Kc5
56. Rg5+ Kb6 57. Kg3 Kc6 58. Kf4 Kd6 59. Ke4 Ke6 60. Rg6+ { Black resigns }
1-0

[Event "ICC tourney 2248 (120 10)"]
[Site "Internet Chess Club"]
[Date "2020.12.29"]
[Round "7"]
[White "MikeWMason"]
[Black "tricksterssbu"]
[Result "0-1"]
[ICCResult "White resigns"]
[WhiteElo "1761"]
[BlackElo "1692"]
[Opening "Giuoco Piano"]
[ECO "C50"]
[NIC "IG.02"]
[Time "12:06:04"]
[PlyCount "57"]
[TimeControl "7200+10"]

1. e4 e5 2. Nf3 Nc6 3. Bc4 Bc5 4. d4 Bxd4 5. Nxd4 Nxd4 6. Be3 Nc6 7. Qg4
Qf6 8. Nc3 Nge7 9. Nd5 Nxd5 10. exd5 Ne7 11. d6 cxd6 12. Bg5 Qf5 13. Qg3
Qe4+ 14. Be2 Nf5 15. Qf3 Qxf3 16. Bxf3 Nd4 17. O-O-O Nxf3 18. gxf3 f6 19.
Bh4 Ke7 20. Rd5 h5 21. f4 b6 22. Rhd1 exf4 23. Re1+ Kf7 24. Rxd6 g5 25.
Bxg5 fxg5 26. Re5 Rg8 27. Rh6 Rg6 28. Rh7+ Kg8 29. Ree7 { White resigns }
0-1

[Event "ICC tourney 2248 (120 10)"]
[Site "Internet Chess Club"]
[Date "2020.12.29"]
[Round "7"]
[White "steinutz"]
[Black "JensenUVA"]
[Result "1/2-1/2"]
[ICCResult "Game drawn by repetition"]
[WhiteElo "1756"]
[BlackElo "1516"]
[Opening "Trompowsky attack (Ruth, Opocenský opening)"]
[ECO "A45"]
[NIC "QP.07"]
[Time "12:06:14"]
[PlyCount "91"]
[TimeControl "7200+10"]

1. d4 Nf6 2. Bg5 Ne4 3. Bf4 d5 4. e3 c5 5. c3 Qb6 6. Qc1 Nc6 7. Nf3 Bg4 8.
Nbd2 cxd4 9. exd4 Nxd2 10. Nxd2 Rc8 11. Nb3 e6 12. Qd2 Be7 13. Bd3 O-O 14.
O-O Qd8 15. Rae1 a6 16. Nc5 Bxc5 17. dxc5 Re8 18. Bd6 Qd7 19. Qg5 Bf5 20.
Bxf5 exf5 21. Qd2 Rxe1 22. Rxe1 Re8 23. f3 Rxe1+ 24. Qxe1 Qe6 25. Kf2 Qxe1+
26. Kxe1 f6 27. Kd2 Kf7 28. Kd3 Ke6 29. b4 Ne5+ 30. Kd4 Nc4 31. Bf4 g5 32.
Bc1 h5 33. a4 f4 34. b5 axb5 35. axb5 Ne5 36. h3 Ng6 37. b6 Ne7 38. Ba3
Nc6+ 39. Kd3 Ke5 40. Bb2 f5 41. Bc1 g4 42. h4 Nb8 43. Ba3 Nc6 44. Bc1 Nb8
45. Ba3 Nc6 46. Bc1 { Game drawn by repetition } 1/2-1/2

[Event "ICC tourney 2248 (120 10)"]
[Site "Internet Chess Club"]
[Date "2020.12.29"]
[Round "7"]
[White "StevChess01"]
[Black "HPenguin"]
[Result "1/2-1/2"]
[ICCResult "Game drawn by mutual agreement"]
[WhiteElo "1684"]
[BlackElo "1819"]
[Opening "QGA: 3.e4"]
[ECO "D20"]
[NIC "QG.04"]
[Time "12:06:00"]
[PlyCount "164"]
[TimeControl "7200+10"]

1. d4 d5 2. c4 dxc4 3. e4 b5 4. a4 c6 5. Nc3 a6 6. axb5 cxb5 7. Nxb5 axb5
8. Rxa8 Bb7 9. Ra1 e6 10. Nf3 Bxe4 11. Be2 Bb4+ 12. Bd2 Nc6 13. O-O Nge7
14. Bxb4 Nxb4 15. b3 Nc2 16. Rc1 cxb3 17. Bxb5+ Bc6 18. Qd3 O-O 19. Bxc6
Nxc6 20. Qxb3 N2xd4 21. Nxd4 Nxd4 22. Qe3 Nf5 23. Qc3 Nd4 24. Rfe1 Qf6 25.
Qe3 Nf5 26. Qf4 Qg6 27. Rb1 h6 28. Rb8 Rxb8 29. Qxb8+ Kh7 30. Qf4 Ne7 31.
Qe4 Nd5 32. Qxg6+ Kxg6 33. f3 Nf4 34. Ra1 f5 35. Kf2 Kf6 36. Ra4 Nd5 37.
Ra6 Nc7 38. Rc6 Nd5 39. Ra6 Nc7 40. Ra2 Nd5 41. g3 Nc3 42. Ra5 Nd5 43. Ke2
g5 44. Kd3 f4 45. g4 Nb4+ 46. Ke4 Nd5 47. Rc5 Ne3 48. h4 Nf1 49. hxg5+ hxg5
50. Rc2 Ne3 51. Rh2 Nf1 52. Rf2 Ne3 53. Kd4 Nd5 54. Rh2 Ne7 55. Ke4 Ng6 56.
Rh3 Nh4 57. Kd4 Kf7 58. Ke5 Ke7 59. Ke4 Kf6 60. Rh2 Kf7 61. Ra2 Kf6 62. Ra7
Ng6 63. Kd4 Nh4 64. Ra3 Ng6 65. Kc5 Ne5 66. Rc3 Ng6 67. Kd6 Nh4 68. Ra3 Kf7
69. Kd7 Kf6 70. Ke8 Nxf3 71. Rxf3 e5 72. Ra3 e4 73. Ra6+ Ke5 74. Ra5+ Kd4
75. Rxg5 e3 76. Rf5 Ke4 77. Rf7 e2 78. g5 Kd3 79. Rd7+ Kc3 80. Rc7+ Kd2 81.
Rd7+ Kc3 82. Rc7+ Kd2 { Game drawn by mutual agreement } 1/2-1/2

[Event "ICC tourney 2248 (120 10)"]
[Site "Internet Chess Club"]
[Date "2020.12.29"]
[Round "7"]
[White "Priccchess"]
[Black "Averyyu321"]
[Result "1-0"]
[ICCResult "Black checkmated"]
[WhiteElo "1806"]
[BlackElo "1739"]
[Opening "Sicilian: dragon variation"]
[ECO "B70"]
[NIC "SI.15"]
[Time "12:05:57"]
[PlyCount "83"]
[TimeControl "7200+10"]

1. e4 c5 2. Nf3 d6 3. d4 cxd4 4. Nxd4 Nf6 5. Nc3 g6 6. Bb5+ Nbd7 7. Bxd7+
Bxd7 8. O-O Bg7 9. Be3 O-O 10. f3 a6 11. a4 Rc8 12. Qd2 Bc6 13. Rad1 Nd7
14. f4 Nc5 15. Nxc6 Rxc6 16. Bd4 Bh6 17. Bxc5 Rxc5 18. b3 Bg7 19. Nd5 Re8
20. Ne3 Qb6 21. Kh1 Bc3 22. Qd3 Rec8 23. Nd5 Qd8 24. f5 b5 25. fxg6 hxg6
26. axb5 axb5 27. b4 Rc4 28. Qf3 f6 29. Qg4 Kf7 30. Nf4 Qg8 31. Nd5 Qd8 32.
Rd3 Bxb4 33. Rg3 Qg8 34. Rxf6+ Ke8 35. Re6 Qf7 36. Rxe7+ Qxe7 37. Nxe7 Kxe7
38. Qg5+ Kd7 39. Qxb5+ R8c6 40. Rxg6 Rxc2 41. Rg7+ Ke6 42. Qf5# { Black
checkmated } 1-0